 Dungeon Crawl Stone Soup version 0.13-a0-2911-g4e06f6f (webtiles) character file.

4753 JacquesDerrida the Archer (level 10, -5/60 HPs)
             Began as an Octopode Hunter on Sept 2, 2013.
             Was a Believer of Okawaru.
             Slain by a killer bee (9 damage)
             ... on Level 9 of the Dungeon.
             The game lasted 00:51:32 (9925 turns).

JacquesDerrida the Archer (Octopode Hunter)         Turns: 9925, Time: 00:51:33

HP  -5/60        AC  1     Str 15      XL: 10   Next: 33%
MP   7/9         EV 22     Int 15      God: Okawaru [**....]
Gold 430         SH  0     Dex 18      Spells:  0 memorised,  9 levels left

Res.Fire  : . . .   See Invis. : +   b - +3,+1 bow
Res.Cold  : . . .   Warding    : .   (no shield)
Life Prot.: . . .   Conserve   : .   (helmet restricted)
Res.Poison: .       Res.Corr.  : .   v - amulet of inaccuracy {unknown}
Res.Elec. : .       Clarity    : .   h - ring of see invisible
Sust.Abil.: + .     Spirit.Shd : .   e - ring of sustain abilities
Res.Mut.  : .       Stasis     : .   J - ring of sustenance
Res.Rott. : .       Flight     : .   t - +2 ring of strength
Saprovore : . . .                    (no ring)
                                     (no ring)
                                     (no ring)
                                     (no ring)

@: agile, heroism, somewhat resistant to hostile enchantments, extremely
stealthy
A: almost no armour, amphibious, 8 rings, constrict 8, camouflage 1, AC +1
a: Heroism, Renounce Religion


You were on level 9 of the Dungeon.
You worshipped Okawaru.
Okawaru was greatly pleased with you.
You were not hungry.

You visited 2 branches of the dungeon, and saw 10 of its levels.

You collected 410 gold pieces.

Inventory:

Hand weapons
 a - a +0,+2 spear of dragon slaying
 b - a +3,+1 bow (weapon)
 i - a +4,+0 elven dagger
 r - a +0 blowgun
 B - a +0,+0 bow of evasion
 E - the +7,+5 flail "Goblin's Undoing" {freeze, *Tele rElec rPois}
   (You found it on level 8 of the Dungeon)

   It has been specially enchanted to freeze those struck by it, causing extra
   injury to most foes and up to double damage against particularly susceptible
   opponents.
   It can also slow down cold-blooded creatures.
   It insulates you from electricity.
   It protects you from poison.
   It causes teleportation.
 F - the +9,+6 flail of Souddeico {vamp, +Inv}
   (You found it on level 6 of the Dungeon)

   It inflicts no extra harm, but heals its wielder somewhat when it strikes a
   living foe.
   It lets you turn invisible.
 O - a +2,+1 whip of flaming
Missiles
 c - 141 arrows (quivered)
 s - 20 poisoned needles
Magical devices
 d - a wand of flame (9)
 q - a wand of teleportation (0)
 x - a wand of magic darts (9)
 H - a wand of teleportation (2)
 I - a wand of magic darts (9)
 L - a wand of frost (6)
Comestibles
 f - 5 bread rations
 g - 12 grapes
 n - 4 chunks of orc flesh
 C - 10 sultanas
 K - a pear
Scrolls
 l - a scroll of enchant armour {unknown}
 m - a scroll of fog
 o - 5 scrolls of remove curse
 p - a scroll of curse jewellery
Jewellery
 e - a ring of sustain abilities (right tentacle)
 h - a ring of see invisible (left tentacle)
 t - a +2 ring of strength (on tentacle)
 v - an amulet of inaccuracy (around mantle) {unknown}
 J - a ring of sustenance (on tentacle)
 M - an uncursed ring of sustain abilities
Potions
 j - a potion of speed
 k - a potion of agility
 w - a potion of paralysis {unknown}
 A - a potion of flight {unknown}
 D - a potion of restore abilities
 G - a potion of might {unknown}
 N - a potion of resistance {unknown}
Magical staves
 y - an uncursed staff of power {unknown}


   Skills:
 - Level 1.0(6.0) Fighting
 + Level 14.5(19.5) Bows
 - Level 2.0(7.0) Dodging
 - Level 1.3(6.3) Stealth


You had 9 spell levels left.
You didn't know any spells.

Dungeon Overview and Level Annotations

Branches:
Dungeon (9/27)             Temple (1/1) D:6
    Orc: D:6-11        Lair: D:8-13

Altars:
Ashenzari
Cheibriados
Kikubaaqudgha
Makhleb
Okawaru
Sif Muna
Xom
Yredelemnul
Zin
the Shining One


Innate Abilities, Weirdness & Mutations

You cannot wear most types of armour.
You are amphibious.
You can wear up to eight rings at the same time.
You can use your tentacles to constrict many enemies at once.
Your skin changes colour to match your surroundings (Stlth).
Your rubbery body absorbs attacks (AC +1).


Message History

Press: ? - help, Shift-Dir - straight line, f/p - killer bee
Aim: a killer bee (heavily wounded)
You shoot an arrow. The arrow misses the killer bee.
The killer bee barely misses you. The killer bee stings you.
* * * LOW HITPOINT WARNING * * *
Use which ability? (? or * to list)
You gain the combat prowess of a mighty hero.
You feel slightly more hungry. The killer bee stings you.
* * * LOW HITPOINT WARNING * * *
The killer bee stings you.
* * * LOW HITPOINT WARNING * * *
Drink which item? (? for menu, Esc to quit)
You feel better. The killer bee stings you!
* * * LOW HITPOINT WARNING * * *
The killer bee stings you.
* * * LOW HITPOINT WARNING * * *
Drink which item? (? for menu, Esc to quit)
You feel more agile all of a sudden. The killer bee barely misses you.
The killer bee stings you!
You die...

..# ..# #.#
#.# #.# #.#
#########.#
......(.).#
.((.(.((k@#
.........#
########.#
#.# #.# #^#
#.# #.# ..#


You could see a killer bee.

Vanquished Creatures
  Pikel (D:9)
  Grinder (D:5)
  A yak (D:8)
  Edmund (D:4)
  2 black bears
  A sky beast (D:7)
  A slave (D:9)
  5 ogres
  A centaur (D:7)
  2 orc warriors (D:7)
  3 ice beasts
  2 phantoms
  Sigmund (D:2)
  Duvessa (D:8)
  A gnoll sergeant (D:5)
  Blork the orc (D:7)
  3 giant frogs
  6 killer bees (D:8)
  A goliath beetle (D:7)
  2 crimson imps
  Dowan (D:8)
  A quasit (D:6)
  2 worker ants
  7 orc priests
  2 iguanas
  9 orc wizards
  A scorpion (D:4)
  A sky beast zombie (D:5)
  A hound skeleton (D:5)
  A worker ant zombie (D:9)
  12 adders
  9 gnolls (D:5)
  A big fish zombie (D:8)
  4 worms
  An iguana skeleton (D:4)
  An adder skeleton (D:4)
  7 giant geckos
  An ooze (D:4)
  25 orcs
  14 bats
  9 giant cockroaches
  11 goblins
  18 hobgoblins
  15 kobolds
  6 quokkas
  A giant gecko zombie (D:8)
  6 giant newts
  A gnoll skeleton (D:4)
  16 jackals
  A kobold skeleton (D:4)
  13 rats
235 creatures vanquished.

Vanquished Creatures (others)
  2 slaves (D:9)
2 creatures vanquished.

Grand Total: 237 creatures vanquished

Notes
Turn   | Place    | Note
--------------------------------------------------------------
     0 | D:1      | JacquesDerrida, the Octopode Hunter, began the quest for the Orb.
     0 | D:1      | Reached XP level 1. HP: 14/14 MP: 0/0
   265 | D:1      | Reached XP level 2. HP: 12/19 MP: 1/1
   515 | D:1      | Reached XP level 3. HP: 24/24 MP: 2/2
   596 | D:1      | Reached skill level 5 in Bows
  1310 | D:2      | Reached XP level 4. HP: 24/29 MP: 3/3
  1416 | D:2      | Noticed Sigmund
  1655 | D:2      | HP: 1/29 [Sigmund/puff of flame (8)]
  1657 | D:2      | Killed Sigmund
  1657 | D:2      | Reached skill level 6 in Bows
  1657 | D:2      | Reached XP level 5. HP: 1/34 MP: 4/4
  2520 | D:3      | Reached skill level 7 in Bows
  2532 | D:3      | Reached XP level 6. HP: 17/39 MP: 5/5
  3183 | D:4      | Noticed Edmund
  3219 | D:4      | runewalsh: DYE
  3219 | D:4      | JacquesDerrida: )))
  3219 | D:4      | JacquesDerrida: ФШ ЛНД
  3219 | D:4      | JacquesDerrida: AI KYL
  3488 | D:4      | Reached skill level 8 in Bows
  3488 | D:4      | Reached XP level 7. HP: 22/44 MP: 6/6
  4262 | D:4      | Reached skill level 9 in Bows
  4636 | D:4      | Reached XP level 8. HP: 50/50 MP: 7/7
  4707 | D:4      | Killed Edmund
  4707 | D:4      | Reached skill level 10 in Bows
  4899 | D:5      | Entered Level 5 of the Dungeon
  4937 | D:5      | Noticed Grinder
  4939 | D:5      | Paralysed by Grinder for 4 turns
  4952 | D:5      | Killed Grinder
  5132 | D:5      | Reached skill level 11 in Bows
  6077 | D:6      | Found a staircase to the Ecumenical Temple.
  6082 | Temple   | Entered the Ecumenical Temple
  6138 | Temple   | Became a worshipper of Warmaster Okawaru
  6197 | D:6      | Reached XP level 9. HP: 54/54 MP: 8/8
  6520 | D:6      | Got a bone flail
  6523 | D:6      | Identified the +9,+6 flail of Souddeico {vamp, +Inv} (You found it on level 6 of the Dungeon)
  6587 | D:6      | Reached skill level 12 in Bows
  6716 | D:6      | runewalsh: Кстати, я так и не понял, когда свитки оф иммолейшон не действуют? Не то чтобы я их хоть раз использовал, просто интересно.
  6717 | D:6      | JacquesDerrida: Da
  6717 | D:6      | JacquesDerrida: Непонятненько
  6783 | D:6      | JacquesDerrida: Волт клевый
  6783 | D:6      | JacquesDerrida: орочий ХРАМ
  7010 | D:7      | Acquired Okawaru's first power
  7246 | D:7      | Found a basalt altar of Yredelemnul.
  7351 | D:7      | Noticed Blork the orc
  7357 | D:7      | Killed Blork the orc
  7672 | D:7      | Reached skill level 13 in Bows
  7971 | D:8      | Found an ancient bone altar of Kikubaaqudgha.
  8164 | D:8      | Noticed Dowan
  8198 | D:8      | Noticed Duvessa
  8202 | D:8      | Killed Dowan
  8214 | D:8      | Killed Duvessa
  8780 | D:8      | Reached XP level 10. HP: 60/60 MP: 6/9
  8899 | D:8      | Reached skill level 14 in Bows
  9599 | D:8      | Got a shimmering flail
  9650 | D:8      | Identified the cursed flail "Goblin's Undoing" {freeze, *Tele rElec rPois} (You found it on level 8 of the Dungeon)
  9690 | D:9      | Noticed Pikel
  9700 | D:9      | Killed Pikel
  9925 | D:9      | Slain by a killer bee

Action                   |  1- 3 |  4- 6 |  7- 9 | 10-12 || total
-------------------------+-------+-------+-------+-------++-------
Melee: Short sword       |    61 |    83 |       |       ||   144
       Dagger            |       |       |   114 |       ||   114
       Spear             |       |       |    38 |     7 ||    45
 Fire: Bow               |    26 |    33 |   341 |   104 ||   504
       Blowgun           |       |       |    12 |       ||    12
Invok: Heroism           |       |       |     3 |     3 ||     6
Evoke: Wand              |       |       |     5 |     2 ||     7
  Use: Potion            |       |     1 |     4 |     4 ||     9
       Scroll            |       |     8 |     8 |     3 ||    19
 Stab: Sleeping          |     2 |     3 |     6 |     1 ||    12
